 Dungeon Crawl Stone Soup version 0.21-a0-634-gaf8bc5d (webtiles) character file.

232 Timinator the Insei (level 5, -15/38 HPs)
             Began as a Vampire Transmuter on Dec 29, 2017.
             Demolished by an ogre
             ... wielding a +0 giant club
              (27 damage)
             ... on level 4 of the Dungeon.
             The game lasted 00:23:08 (2500 turns).

Timinator the Insei (Vampire Transmuter)            Turns: 2500, Time: 00:23:10

Health: -15/38     AC:  5    Str:  9    XL:     5   Next: 73%
Magic:  18/18      EV: 13    Int: 16    God:
Gold:   166        SH:  0    Dex: 15    Spells: 9/10 levels left

rFire    . . .     SeeInvis +     - Unarmed
rCold    . . .     Gourm    .   (no shield)
rNeg     + . .     Faith    .   b - +0 robe
rPois    .         Spirit   .   (no helmet)
rElec    .         Reflect  .   (no cloak)
rCorr    .         Harm     .   (no gloves)
MR       .....                  h - +2 pair of boots
Stlth    +.........             (no amulet)
HPRegen  0.32/turn              j - ring of magical power
MPRegen  0.16/turn              l - ring of positive energy

@: regenerating quickly
A: fangs 3, see invisible, unbreathing
a: no special abilities


You were on level 4 of the Dungeon.
You were full.

You visited 1 branch of the dungeon, and saw 4 of its levels.

You collected 166 gold pieces.

Inventory:

Missiles
 a - 87 arrows
Armour
 b - a +0 robe (worn)
 h - a +2 pair of boots (worn)
 s - a +1 scale mail of poison resistance
Jewellery
 j - a ring of magical power (left hand)
 l - a ring of positive energy (right hand)
 m - an uncursed ring of flight {unknown}
 t - a cursed ring of loudness {unknown}
Wands
 q - a wand of digging (11)
Scrolls
 e - 2 scrolls of immolation {unknown}
 i - a scroll of magic mapping {unknown}
 k - 3 scrolls of remove curse
 n - 3 scrolls of noise {unknown}
 o - 2 scrolls of identify
 p - a scroll of fear {unknown}
 r - a scroll of amnesia {unknown}
Potions
 d - 13 potions of blood
 f - a potion of flight
 g - 2 potions of curing
 u - a potion of ambrosia
Books
 c - a book of Changes

   Spells                             Type                      Level
   a - Beastly Appendage              Transmutation                1
   b - Sticks to Snakes               Transmutation                2
   c - Spider Form                    Transmutation/Poison         3
   d - Ice Form                       Ice/Transmutation            4
   e - Blade Hands                    Transmutation                5


   Skills:
 + Level 2.1 Fighting
 + Level 3.2 Dodging
 + Level 4.9 Unarmed Combat
 * Level 3.0 Spellcasting
 * Level 3.2 Transmutations


You had 9 spell levels left.
You knew the following spells:

 Your Spells              Type           Power        Failure   Level  Hunger
a - Beastly Appendage     Tmut           ##....       4%          1    #......


Dungeon Overview and Level Annotations

Branches:
Dungeon (4/15)
 Temple: D:4-7

Altars:

Annotations:
D:3 Bunnehwyld's ghost, amateur TrFi


Innate Abilities, Weirdness & Mutations

Your natural rate of healing is unusually fast.
You have razor-sharp teeth.
You have supernaturally acute eyesight. (SInv)
You can survive without breathing.


Message History

You hit the ogre.
The ogre is moderately wounded.
An orc comes into view. It is wielding a short sword.
You hit the ogre.
The ogre is heavily wounded.
The ogre hits you but does no damage.
You hit the ogre. Your headbutt misses the ogre.
The ogre is heavily wounded.
The ogre hits you with a giant club!
* * * LOW HITPOINT WARNING * * *
You barely miss the ogre. You bite the ogre.
The ogre is severely wounded.
The orc barely misses you.
You hit the ogre.
You headbutt the ogre, but do no damage.
The ogre is almost dead.
Your horns disappear.
The ogre hits you with a giant club!!
Ouch! That really hurt!
You die...

## ##.##
##...# #..#..
#...######...
#..O@.......
#.o#######..
####l.##......
#..........#
#.....<..#.#
#.##..##......
#. #... .#.###
# ...#.# # #
..## .#


You could see an ogre, an orc and a frilled lizard.

Vanquished Creatures
  2 orc priests (D:3)
  Natasha (thrice) (D:2)
  3 adders
  4 worms
  2 leopard geckos (D:3)
  10 orcs (D:3)
  A ball python (D:2)
  3 giant cockroaches
  5 hobgoblins
  3 jackals (D:3)
  5 bats
  4 frilled lizards
  3 goblins
  4 kobolds
  4 rats
56 creatures vanquished.

Notes
Turn   | Place    | Note
-------+----------+-------------------------------------------
     0 | D:1      | Timinator the Vampire Transmuter began the quest for the Orb.
     0 | D:1      | Reached XP level 1. HP: 14/14 MP: 3/3
    17 | D:1      | Reached skill level 1 in Fighting
  1013 | D:2      | Reached XP level 2. HP: 12/22 MP: 3/5
  1186 | D:2      | Reached XP level 3. HP: 22/27 MP: 4/6
  1263 | D:2      | Noticed Natasha
  1279 | D:2      | Killed Natasha
  1428 | D:2      | Noticed Natasha
  1440 | D:2      | Killed Natasha
  1440 | D:2      | Reached XP level 4. HP: 28/33 MP: 7/7
  1498 | D:2      | Reached skill level 4 in Unarmed Combat
  1573 | D:2      | Noticed Natasha
  1584 | D:2      | Killed Natasha
  2059 | D:3      | Reached XP level 5. HP: 38/38 MP: 9/9
  2319 | D:3      | Noticed Bunnehwyld's ghost (amateur TrFi)
  2484 | D:4      | Noticed an ogre
  2500 | D:4      | Demolished by an ogre

Vault maps used:
D:1:      dpeg_arrival_three_smaller_balls, serial_bayou, serial_bayou_crossing,
          serial_bayou_ford_a, serial_bayou_pond_c, serial_bayou_lake_a
D:2:      uniq_natasha
D:3:      cheibrodos_old_hovel
D:4:      trog_book

Skill      XL: |  1  2  3  4  5 |
---------------+----------------+-----
Fighting       | 2 |  2.1
Unarmed Combat | 4 |  4.9
Transmutations | 3 |  3.2
Dodging        | 3 |  3.2
Spellcasting   | 3 |  3.0

Action                   |  1- 3 |  4- 6 || total
-------------------------+-------+-------++-------
Melee: Unarmed           |   101 |   181 ||   282
       Bite              |     7 |    21 ||    28
       Punch             |     3 |     4 ||     7
       Headbutt          |     5 |    14 ||    19
 Cast: Beastly Appendage |     5 |    10 ||    15
  Use: Scroll            |     4 |     1 ||     5
       Potion            |     1 |     3 ||     4
 Stab: Sleeping          |     2 |       ||     2
  Eat: Corpse            |     7 |     7 ||    14
Armor: Robe              |    25 |    36 ||    61
Dodge: Dodged            |    54 |   100 ||   154

Table legend:
 A = Spawn XP
 B = Non-spawn XP
 C = Spawn XP percentage of total XP
 D = Spawn monster count
 E = Non-spawn monster count
 F = Spawn count percentage of total count
 G = Total turns spent on level
                    A         B        C        D         E        F      G
               +---------+---------+-------+---------+---------+-------+---------
         Total |       0 |     332 |   0.0 |       0 |      56 |   0.0 |  2500
               +---------+---------+-------+---------+---------+-------+---------
           D:1 |       0 |      10 |   0.0 |       0 |       7 |   0.0 |   962
           D:2 |       0 |     149 |   0.0 |       0 |      16 |   0.0 |   841
           D:3 |       0 |     173 |   0.0 |       0 |      33 |   0.0 |   681
               +---------+---------+-------+---------+---------+-------+---------
